 Dungeon Crawl Stone Soup version 0.31-a0-246-g8cbcc1c (webtiles) character file.

Game seed: 3232321408593214058

72745 Dawnplanks the Brawler (level 15, -6/133 HPs)
             Began as a Troll Shapeshifter on July 12, 2023.
             Was an Elder of Jiyva.
             Mangled by a lorocyproca (25 damage)
             ... on level 14 of the Dungeon.
             The game lasted 00:48:53 (16722 turns).

Dawnplanks the Brawler (Troll Shapeshifter)        Turns: 16722, Time: 00:48:53

Health: -6/133     AC:  2    Str: 37    XL:     15   Next: 2%
Magic:  1/18       EV: 11    Int:  8    God:    Jiyva [****..]
Gold:   830        SH: 14    Dex: 13    Spells: 14/14 levels left

rFire   + .          .
                       - Unarmed
rCold   . . .        k - +5 kite shield "Yrid" {Str+5 Dex+4}
rNeg    . . .        D - melded +0 acid dragon scales
rPois   .            (helmet unavailable)
rElec   .            (no cloak)
rCorr   +            (gloves unavailable)
SInv    .            (boots unavailable)
Will    +....        K - amulet of faith
Stlth   +            a - ring of protection from fire
HPRegen 1.28/turn    E - +4 ring of slaying
MPRegen 0.56/turn

%: faith
@: maw-form, sick
A: devouring maw, large, unfitting armour, claws 3, regeneration 1, shaggy fur
1, tough skin 1, horns 3, clever 1, wild magic 1, MP-powered wands
a: Renounce Religion, Oozemancy, Slimify


You were on level 14 of the Dungeon.
You worshipped Jiyva.
Jiyva was greatly pleased with you.
You were a creature with a mouth for a stomach.
You visited 3 branches of the dungeon, and saw 20 of its levels.
You visited the Abyss 1 time.

You collected 991 gold pieces.
You spent 161 gold pieces at shops.

Inventory:

Hand Weapons
 j - the +10 broad axe of the Crushed Xalams {speed, *Rage rC+ rN+}
   (You found it on level 5 of the Lair of Beasts)

   rC:        It protects you from cold.
   rN:        It protects you from negative energy.
   *Rage:     It berserks you when you make melee attacks (+20% chance).
 M - a +4 spear
Missiles
 t - 13 large rocks (quivered)
 v - 10 boomerangs
 N - 2 throwing nets
 X - 5 javelins
Armour
 k - the +5 kite shield "Yrid" (worn) {Str+5 Dex+4}
   (You acquired it on level 12 of the Dungeon)

   Str:       It affects your strength (+5).
   Dex:       It affects your dexterity (+4).
 D - +0 acid dragon scales (melded)
 F - a +1 hat
 Y - a scarf of shadows
Jewellery
 a - a ring of protection from fire (left claw)
 E - a +4 ring of slaying (right claw)
 I - a ring of fire
 K - an amulet of faith (around neck)
Talismans
 c - a beast talisman
 u - a serpent talisman
 x - a maw talisman
Wands
 G - a wand of roots (28)
 Q - a wand of light (4)
 R - a wand of paralysis (5)
Scrolls
 b - a scroll of fear
 d - a scroll of butterflies
 h - 2 scrolls of noise {unknown}
 i - 7 scrolls of amnesia {unknown}
 m - 2 scrolls of poison
 o - 2 scrolls of torment {unknown}
 p - 4 scrolls of enchant armour {unknown}
 r - 7 scrolls of teleportation
 y - 4 scrolls of silence {unknown}
 z - 4 scrolls of fog {unknown}
 B - a scroll of enchant weapon
 J - 2 scrolls of revelation {unknown}
 P - a scroll of brand weapon
 T - a scroll of blinking {unknown}
 W - 3 scrolls of immolation
 Z - 2 scrolls of vulnerability {unknown}
Potions
 e - 4 potions of heal wounds
 f - 5 potions of might
 g - 3 potions of curing
 l - 2 potions of mutation
 n - a potion of cancellation {unknown}
 q - a potion of magic
 s - 2 potions of ambrosia
 w - a potion of invisibility
 A - a potion of berserk rage
 C - 4 potions of brilliance
 H - 3 potions of attraction
 L - a potion of resistance
 O - a potion of haste {unknown}
 U - 2 potions of enlightenment
 V - a potion of lignification


   Skills:
 + Level 5.2 Fighting
 + Level 4.4 Throwing
 + Level 3.2 Armour
 + Level 7.0 Dodging
 + Level 4.1 Shields
 + Level 17.5 Unarmed Combat
 - Level 6.4 Invocations
 * Level 12.7 Shapeshifting


You had 14 spell levels left.
You didn't know any spells.
Your spell library contained the following spells:

 Spells                   Type           Power      Damage    Failure   Level
 Sandblast                Erth           0%         2d4       67%         1
 Blink                    Tloc           0%         N/A       80%         2
 Lesser Beckoning         Tloc           0%         N/A       80%         2
 Momentum Strike          Conj/Tloc      0%         3d8       80%         2
 Passwall                 Tmut/Erth      0%         N/A       80%         2
 Wereblood                Tmut           0%         N/A       80%         2
 Dazzling Flash           Conj/Hex       0%         N/A       95%         3
 Stone Arrow              Conj/Erth      0%         3d7       95%         3
 Volatile Blastmotes      Fire/Tloc      0%         2d10      95%         3
 Anguish                  Hex/Necr       0%         N/A       100%        4
 Cause Fear               Hex            0%         N/A       100%        4
 Irradiate                Conj/Tmut      0%         3d11      100%        5
 Starburst                Conj/Fire      0%         6d3       100%        6
 Enfeeble                 Hex            0%         N/A       100%        7
 Maxwell's Capacitive Co  Air            0%         ∞         100%        8


Dungeon Overview and Level Annotations

Branches:
Dungeon (14/15)            Temple (1/1) D:5            Lair (5/5) D:11
  Swamp (0/4) Lair:2       Spider (0/4) Lair:2        Slime (0/5) Lair:4
    Orc (0/2) D:11         Vaults (0/5) D:13

Altars:
Ashenzari
Cheibriados
Dithmenos
Elyvilon
Fedhas
Gozag
Hepliaklqana
Kikubaaqudgha
Makhleb
Nemelex Xobeh
Okawaru
Qazlal
Ru
Sif Muna
Trog
Uskayaw
Vehumet
Wu Jian
Xom
Yredelemnul
Zin
The Shining One
Jiyva

Shops:
D:5 [   D:11 (   D:12 [

Portals:
Trove: D:12 (give 2 scrolls of acquirement)


Innate Abilities, Weirdness & Mutations

You are a creature with a mouth for a stomach.
Your midsection houses a second, enormous mouth.
You are too large for most types of armour.
You have claws for hands.
Your natural rate of healing is unusually fast.
You are covered in fur. (AC +1)
You have tough skin. (AC +1)
You have a pair of large horns on your head.
Your mind is acute. (Int +4, Str/Dex -1)
Your spells are a little harder to cast, but a little more powerful.
You expend magic power (3 MP) to strengthen your wands.


Message History

You bite the cacodemon.
The cacodemon is heavily wounded.
Something hits you!!
You feel your power leaking away. The cacodemon hits you!
The cacodemon closely misses you.
You mangle the cacodemon!! You headbutt the cacodemon! You bite the cacodemon!!
The cacodemon is almost dead.
Something hits you!
You claw the cacodemon!
You kill the cacodemon!
Something hits you.
You feel your power leaking away.
You have reached level 15!
Your experience leads to an increase in your attributes!
Your base attributes are Str 30, Int 4, Dex 10.
Increase (S)trength, (I)ntelligence, or (D)exterity?
You feel stronger. x3
You claw something!
The substance of the Abyss twists violently, and a gateway leading out appears!
Something hits you.
You feel your power leaking away.
You pass through the gate.
Welcome back to the Dungeon!
Reactivating autopickup.
You are too injured to fight recklessly!
Unknown command.
Something hits you!!
You feel your power leaking away.
Deactivating autopickup; reactivate with Ctrl-A.
The wizard gestures at you while chanting.
The fireball explodes!
The fireball engulfs you! You resist.
* * * LOW HITPOINT WARNING * * *
The fireball engulfs something!
You claw the wizard! Your bite misses the wizard.
The wizard is heavily wounded.
Something hits you!!
* * * LOW HITPOINT WARNING * * *
You feel your power leaking away.
You feel much better. The wizard closely misses you. Something hits you!!
You die...

#............................
.....####.####................
. ##...........J.........
#......................
#......................
#......................
#......................
#......................
#....pW................
#......###.#.##........
......... #.#.........##
#.......#.#...####.##.#
#.......#.###.# #.##.#
#.......# # #.# # .....####
#.# ..... #.# #.##.#
#.####.##.#


You could see a wizard and a neutral jelly (wandering) (fellow slime).

Vanquished Creatures
  A cacodemon (Abyss:2)
  A black draconian (Abyss:2)
  A starcursed mass (Abyss:2)
  A vault guard (D:13)
  7 hydras
  A centaur warrior (D:13)
  3 catoblepae
  A boulder beetle (D:14)
  4 two-headed ogres
  A deep troll shaman (Lair:5)
  9 death yaks
  A thrashing horror (Abyss:2)
  A fire crab (Lair:5)
  3 skysharks
  A pharaoh ant (Lair:2)
  A wretched star (Abyss:2)
  A flayed ghost (Abyss:2)
  3 large abominations (Abyss:2)
  An oklob plant (D:11)
  4 cyclopes
  3 ugly things (D:13)
  9 elephants
  A manticore (D:12)
  Joseph (Lair:1)
  7 black mambas
  A torpor snail (Lair:2)
  Maggie (D:6)
  An orange demon (Abyss:2)
  A hellion (Abyss:2)
  9 cane toads
  6 rime drakes
  2 unseen horrors
  11 komodo dragons
  An ancient zyme (Abyss:2)
  5 polar bears
  3 trolls
  2 tarantellas (Lair:2)
  A meliai (D:13)
  15 blink frogs
  15 dream sheep
  A flying skull (Abyss:2)
  A culicivora (shapeshifter) (D:13)
  2 vampires (D:12)
  A shadow (D:10)
  2 ynoxinuls (Abyss:2)
  2 small abominations (Abyss:2)
  3 wyverns
  6 wraiths
  65 yaks
  3 basilisks
  Grum (D:9)
  2 steam dragons
  A redback (Lair:2)
  Menkaure (D:9)
  6 vampire mosquitoes
  2 acid dragons
  18 water moccasins
  Duvessa (D:6)
  An orc warrior (D:9)
  An ice beast (D:8)
  A sky beast (D:7)
  5 black bears
  4 boggarts (D:14)
  26 wolves
  3 ogres
  2 centaurs
  4 phantoms
  Blork the orc (D:6)
  2 kobold brigands
  14 bullfrogs
  A gnoll sergeant (D:12)
  2 scorpions
  6 wights
  Dowan (D:6)
  A troll zombie (D:11)
  16 killer bees
  3 howler monkeys
  7 electric eels
  2 quasits (Abyss:2)
  2 hounds
  6 orc priests
  An iron imp (Abyss:2)
  2 jellies
  2 gnoll boudas
  3 sleepcaps
  Terence (D:2)
  An iguana (D:5)
  9 orc wizards
  7 ogre zombies (D:11)
  Robin (D:4)
  21 gnolls
  8 adders
  A white imp (D:7)
  A worm (D:2)
  2 dart slugs (D:2)
  21 orcs
  2 ball pythons
  6 endoplasms
  3 giant cockroaches
  12 goblins
  6 hobgoblins
  2 jackals (D:1)
  10 kobolds
  2 quokkas
  6 bats
  5 frilled lizards
  2 goblin skeletons (D:11)
  A goblin zombie (D:11)
  A hobgoblin skeleton (D:11)
  4 hobgoblin zombies (D:11)
  2 orc skeletons (D:11)
  14 orc zombies (D:11)
  4 rats
533 creatures vanquished.

Vanquished Creatures (others)
  A wizard (D:8)
  A slime creature (D:13)
  A troll (D:14)
  A boggart (D:14)
  14 jellies
  A howler monkey (D:13)
  An orc wizard (D:12)
20 creatures vanquished.

Grand Total: 553 creatures vanquished

Notes
Turn   | Place    | Note
-------+----------+-------------------------------------------
     0 | D:1      | Dawnplanks the Troll Shapeshifter began the quest for the
                  | Orb.
     0 | D:1      | Reached XP level 1. HP: 19/19 MP: 0/0
   500 | D:1      | Found a faded altar of an unknown god.
   949 | D:2      | Reached XP level 2. HP: 27/27 MP: 1/1
  1035 | D:2      | Noticed Terence
  1041 | D:2      | Killed Terence
  1042 | D:2      | Reached XP level 3. HP: 26/35 MP: 2/2
  1257 | D:2      | Reached XP level 4. HP: 42/42 MP: 3/3
  1483 | D:2      | Found a glowing golden altar of the Shining One.
  1586 | D:2      | Became a worshipper of the Shining One
  1772 | D:3      | Noticed a phantom
  1776 | D:3      | Killed a phantom
  1777 | D:3      | Reached skill level 3 in Unarmed Combat
  1777 | D:3      | Reached XP level 5. HP: 49/49 MP: 4/4
  2863 | D:4      | Noticed Robin
  2900 | D:4      | Killed Robin
  2901 | D:4      | Reached skill level 4 in Unarmed Combat
  2917 | D:4      | Noticed an ogre
  2920 | D:4      | Killed an ogre
  2921 | D:4      | Reached XP level 6. HP: 57/57 MP: 5/5
  2986 | D:4      | Reached skill level 1 in Throwing
  3318 | D:5      | Entered Level 5 of the Dungeon
  3318 | D:5      | Reached * piety under the Shining One
  3324 | D:5      | Reached XP level 7. HP: 61/65 MP: 6/6
  3336 | D:5      | Reached skill level 5 in Unarmed Combat
  3485 | D:5      | Found a staircase to the Ecumenical Temple.
  3685 | D:5      | Reached skill level 5 in Shapeshifting
  3881 | D:5      | Reached skill level 6 in Unarmed Combat
  3891 | D:5      | Found Biroac's Antique Armour Shoppe.
  3894 | D:5      | Bought an embroidered hat for 161 gold pieces
  4021 | D:5      | Reached XP level 8. HP: 74/74 MP: 7/7
  4064 | D:5      | Found a burning altar of Makhleb.
  4267 | D:6      | Noticed Maggie
  4273 | D:6      | Killed Maggie
  4274 | D:6      | Reached skill level 7 in Unarmed Combat
  4416 | D:6      | Noticed Dowan
  4417 | D:6      | Noticed Duvessa
  4435 | D:6      | Killed Dowan
  4454 | D:6      | Killed Duvessa
  4735 | D:6      | Reached skill level 8 in Unarmed Combat
  4746 | D:6      | Found a shadowy altar of Dithmenos.
  4752 | D:6      | Identified the +0 buckler "Acalecur" {rPois rN++ Will+
                  | Str+3}
  4763 | D:6      | Reached XP level 9. HP: 80/80 MP: 8/8
  5104 | D:6      | Noticed Blork the orc
  5104 | D:6      | Noticed Menkaure
  5147 | D:6      | Killed Blork the orc
  5715 | Temple   | Entered the Ecumenical Temple
  5878 | Temple   | Fell from the grace of the Shining One
  5878 | Temple   | Became a worshipper of Elyvilon the Healer
  6054 | D:7      | Reached * piety under Elyvilon
  6183 | D:7      | Reached skill level 9 in Unarmed Combat
  6421 | D:8      | Reached ** piety under Elyvilon
  6630 | D:8      | Noticed a two-headed ogre
  6636 | D:8      | Killed a two-headed ogre
  6637 | D:8      | Reached skill level 10 in Unarmed Combat
  6793 | D:8      | Reached XP level 10. HP: 88/91 MP: 9/9
  7010 | D:8      | Found a bloodstained altar of Trog.
  7013 | D:8      | Noticed a wizard
  7018 | D:8      | Killed a wizard
  7062 | D:8      | Noticed a two-headed ogre
  7066 | D:8      | Killed a two-headed ogre
  7154 | D:9      | Reached *** piety under Elyvilon
  7178 | D:9      | Found a hazy altar of Hepliaklqana.
  7210 | D:9      | Reached skill level 11 in Unarmed Combat
  7259 | D:9      | Noticed Grum
  7270 | D:9      | Killed Grum
  7481 | D:9      | Killed Menkaure
  7571 | D:9      | Reached **** piety under Elyvilon
  8047 | D:10     | Entered Level 10 of the Dungeon
  8070 | D:10     | Noticed a cyclops
  8076 | D:10     | Killed a cyclops
  8077 | D:10     | Reached skill level 1 in Invocations
  8240 | D:10     | Reached skill level 12 in Unarmed Combat
  8343 | D:10     | Reached XP level 11. HP: 56/97 MP: 11/11
  8458 | D:10     | Noticed a two-headed ogre
  8461 | D:10     | Killed a two-headed ogre
  8778 | D:11     | Reached ***** piety under Elyvilon
  8778 | D:11     | Found a staircase to the Orcish Mines.
  8788 | D:10     | Reached skill level 5 in Dodging
  9000 | D:12     | Reached skill level 1 in Armour
  9340 | D:12     | Found a portal to a secret trove of treasure.
  9473 | D:12     | Identified a scroll of acquirement
  9475 | D:12     | Acquired the +5 kite shield "Yrid" {Str+5 Dex+4}
  9483 | D:12     | Gained mutation: You are clumsy. (Dex -2) [potion of
                  | mutation]
  9483 | D:12     | Gained mutation: Your muscles are strong. (Str +4, Int/Dex
                  | -1) [potion of mutation]
  9483 | D:12     | Gained mutation: You are dopey. (Int -2) [potion of
                  | mutation]
  9483 | D:12     | Gained mutation: Your spells are a little harder to cast,
                  | but a little more powerful. [potion of mutation]
  9484 | D:12     | Lost mutation: Your muscles are strong. (Str +4, Int/Dex
                  | -1) [potion of mutation]
  9484 | D:12     | Lost mutation: You are dopey. (Int -2) [potion of mutation]
  9484 | D:12     | Lost mutation: You are clumsy. (Dex -2) [potion of
                  | mutation]
  9484 | D:12     | Gained mutation: Your muscles are strong. (Str +4, Int/Dex
                  | -1) [potion of mutation]
  9484 | D:12     | Gained mutation: You possess an exceptional clarity of
                  | mind. [potion of mutation]
  9484 | D:12     | Gained mutation: You have sharp toenails. [potion of
                  | mutation]
  9486 | D:11     | Found Ritip's Antique Weapon Boutique.
  9604 | D:11     | Found a staircase to the Lair.
  9604 | D:11     | Noticed an oklob plant
 10158 | D:11     | Killed an oklob plant
 10159 | D:11     | Reached skill level 13 in Unarmed Combat
 10163 | Lair:1   | Entered Level 1 of the Lair of Beasts
 10277 | Lair:1   | Reached skill level 1 in Shields
 10298 | Lair:1   | Reached XP level 12. HP: 107/107 MP: 14/14
 10400 | Lair:1   | Noticed Joseph
 10409 | Lair:1   | Killed Joseph
 10538 | Lair:1   | Reached skill level 14 in Unarmed Combat
 11090 | Lair:2   | Reached ****** piety under Elyvilon
 11148 | Lair:2   | Reached skill level 5 in Invocations
 11183 | Lair:2   | Found a staircase to the Swamp.
 11362 | Lair:2   | Found a hole to the Spider Nest.
 12134 | Lair:3   | Noticed a seven-headed hydra
 12348 | Lair:3   | Killed a seven-headed hydra
 12671 | Lair:3   | Reached XP level 13. HP: 114/114 MP: 16/16
 12711 | Lair:3   | Reached skill level 10 in Shapeshifting
 13059 | Lair:4   | Reached skill level 15 in Unarmed Combat
 13094 | Lair:4   | Found a staircase to the Slime Pits.
 13095 | Lair:4   | Found a viscous altar of Jiyva.
 13229 | Lair:4   | You fall into a shaft and drop 1 floor!
 13229 | Lair:5   | Entered Level 5 of the Lair of Beasts
 13263 | Lair:4   | Identified the +5 ring mail of the Onion {+Blink rCorr
                  | Dex+4 SInv}
 13638 | Lair:4   | Fell from the grace of Elyvilon
 13638 | Lair:4   | Became a worshipper of Jiyva Juigoc the Shapeless
 13920 | Lair:5   | Reached skill level 16 in Unarmed Combat
 14061 | Lair:5   | Reached * piety under Jiyva
 14136 | Lair:5   | Reached XP level 14. HP: 124/124 MP: 17/17
 14549 | Lair:5   | Identified the staff "Ogreslayer" {Fly rC+ Earth}
 14562 | Lair:5   | Identified the +10 broad axe of the Crushed Xalams {speed,
                  | *Rage rC+ rN+}
 14595 | Lair:5   | Reached ** piety under Jiyva
 15150 | D:12     | Found Seqagh's Armour Boutique.
 15429 | D:13     | Reached skill level 5 in Fighting
 15497 | D:13     | Reached *** piety under Jiyva
 15497 | D:13     | Lost mutation: You have sharp toenails. [Jiyva's grace]
 15497 | D:13     | Lost mutation: You possess an exceptional clarity of mind.
                  | [Jiyva's grace]
 15497 | D:13     | Lost mutation: Your muscles are strong. (Str +4, Int/Dex
                  | -1) [Jiyva's grace]
 15497 | D:13     | Gained mutation: You have a pair of small horns on your
                  | head. [Jiyva's grace]
 15497 | D:13     | Gained mutation: You have a pair of horns on your head.
                  | [Jiyva's grace]
 15497 | D:13     | Gained mutation: You have a pair of large horns on your
                  | head. [Jiyva's grace]
 15497 | D:13     | Gained mutation: Your mind is acute. (Int +4, Str/Dex -1)
                  | [Jiyva's grace]
 15628 | D:13     | Reached skill level 17 in Unarmed Combat
 15692 | D:13     | Found a gate to the Vaults.
 16116 | D:14     | Reached **** piety under Jiyva
 16121 | D:14     | Found a viscous altar of Jiyva.
 16420 | Abyss:2  | Cast into level 2 of the Abyss (a wizard)
 16527 | Abyss:2  | Lost mutation: You have a pair of large horns on your head.
                  | [Jiyva's grace]
 16527 | Abyss:2  | Lost mutation: You have a pair of horns on your head.
                  | [Jiyva's grace]
 16527 | Abyss:2  | Lost mutation: You have a pair of small horns on your head.
                  | [Jiyva's grace]
 16527 | Abyss:2  | Gained mutation: You have a pair of small horns on your
                  | head. [Jiyva's grace]
 16527 | Abyss:2  | Gained mutation: You have a pair of horns on your head.
                  | [Jiyva's grace]
 16527 | Abyss:2  | Gained mutation: You have a pair of large horns on your
                  | head. [Jiyva's grace]
 16527 | Abyss:2  | Gained mutation: You expend magic power (3 MP) to
                  | strengthen your wands. [Jiyva's grace]
 16709 | Abyss:2  | Noticed a cacodemon
 16714 | Abyss:2  | Killed a cacodemon
 16715 | Abyss:2  | Reached XP level 15. HP: 59/133 MP: 0/18
 16717 | D:14     | Escaped the Abyss
 16721 | D:14     | HP: 2/133 [something (34)]
 16722 | D:14     | Mangled by a lorocyproca

Illustrated notes

Levels and vault maps discovered:
D:1:      saegor_arrival_under_anarchy, layout_basic,
          dreamdust_ecumenical_altar_angels_and_demons
D:2:      layout_basic, basic_altar, minmay_misc_feat_chi, minmay_hexomino_c4,
          uniq_terence
D:3:      layout_basic, minmay_crystal_room
D:4:      cheibrodos_helix_gallery, layout_cave_pools, uniq_robin
D:5:      layout_gridville, makhleb_blood_cavern_becter,
          minmay_temple_entry_from_below_a, serial_shops, shop
D:6:      layout_basic, mainiacjoe_overflow_small_starburst, uniq_menkaure,
          uniq_blork_the_orc, uniq_duvessa, uniq_maggie
D:7:      layout_gridville
D:8:      layout_basic, trog_wizard
D:9:      layout_basic, nicolae_overflow_crystal_walls, uniq_grum
D:10:     layout_basic, bh_walls_and_bars
D:11:     layout_long_grid, dpeg_oklobed_lair, zombieorc2_lemuel, serial_shops,
          shop
D:12:     layout_long_grid, trove_entry_hex_spiral, serial_shops, shop
D:13:     layout_loops_cross, david_vaults_5
D:14:     layout_basic, gammafunk_ghost_stat_death,
          chequers_serial_rivers_micro_e, jiyva_altar_1
Temple:   regret_index_temple_mists
Lair:1:   layout_chaotic_city, grunt_megastairs_5, serial_bayou_shore_a,
          serial_bayou_shore_b, uniq_joseph
Lair:2:   layout_roguey, minmay_swamp_entry_eels,
          nicolae_spider_entry_lesser_pyramids
Lair:3:   layout_cave_pods
Lair:4:   layout_cave_shapes, nicolae_slime_entry_slimehenge,
          chequers_serial_rivers_large_b
Lair:5:   grunt_lair_end_beastmaster, layout_regular_city,
          hangedman_lair_generics_rect

Skill      XL: |  1  2  3  4  5  6  7  8  9 10 11 12 13 14 |
---------------+-------------------------------------------+-----
Shapeshifting  | 4 5 6 7 8 9 11 12 | 12.7
Dodging        | 2 3 4 5 6 7 |  7.0
Unarmed Combat | 3 4 6 8 10 12 13 14 16 17 | 17.5
Fighting       | 2 3 4 5 |  5.2
Throwing       | 1 2 3 4 |  4.4
Invocations    | 2 4 5 6 |  6.4
Armour         | 2 3 |  3.2
Shields        | 1 2 3 4 |  4.1

Action                     |  1- 3 |  4- 6 |  7- 9 | 10-12 | 13-15 || total
---------------------------+-------+-------+-------+-------+-------++-------
  Melee: Unarmed           |    39 |    83 |   125 |   359 |   414 ||  1020
         Punch             |       |     4 |     8 |    13 |       ||    25
         Kick              |       |       |       |    63 |    67 ||   130
         Maw               |       |       |       |    11 |   120 ||   131
         Constrict         |       |       |       |    10 |    30 ||    40
         Headbutt          |       |       |       |       |    33 ||    33
  Throw: Boomerang         |       |    13 |       |     8 |     3 ||    24
         Large rock        |       |     4 |     2 |    37 |       ||    43
 Invoke: Purification      |       |       |       |     2 |       ||     2
         Heal Self         |       |       |       |     1 |       ||     1
         Divine Vigour     |       |       |       |       |     1 ||     1
         Oozemancy         |       |       |       |       |     1 ||     1
    Use: Potion            |       |     1 |     1 |     2 |     1 ||     5
         Scroll            |       |       |       |    18 |     6 ||    24
   Stab: Sleeping          |     1 |       |       |       |       ||     1
         Distracted        |       |       |       |     1 |     1 ||     2
         Petrified         |       |       |       |       |    10 ||    10
 Armour: Animal skin       |    10 |    18 |     6 |       |       ||    34
         Skin              |       |    55 |     4 |     8 |    72 ||   139
         Steam dragon scal |       |       |    12 |    21 |       ||    33
         Troll leather arm |       |       |       |    33 |       ||    33
         Acid dragon scale |       |       |       |     9 |       ||     9
  Dodge: Dodged            |    15 |    28 |    40 |   128 |   146 ||   357
  Block: Kite shield       |       |       |       |    51 |   148 ||   199
   Form: Anaconda          |       |       |       |     3 |     4 ||     7
         Maw               |       |       |       |     2 |     5 ||     7
         Beast             |       |       |       |     2 |       ||     2

Table legend: (Time is in decaauts)
 A = Elapsed time spent in this place.
 B = Non-inter-level travel time spent in this place.
 C = Inter-level travel time spent in this place.
 D = Time resting spent in this place.
 E = Time spent auto-exploring this place.
 F = Levels seen in this place.
 G = Mean time per level.
                   A        B        C        D        E       F      G
               +--------+--------+--------+--------+--------+-----+--------+
         Total |  16596 |  15343 |   1253 |    292 |  12468 |  21 |  790.3 |
       Dungeon |  11291 |  10399 |    892 |    166 |   8681 |  14 |  806.5 |
        Temple |    184 |    157 |     27 |      0 |    139 |   1 |  184.0 |
          Lair |   4838 |   4505 |    333 |    115 |   3496 |   5 |  967.6 |
         Abyss |    282 |    282 |      0 |     11 |    152 |   1 |  282.0 |
               +--------+--------+--------+--------+--------+-----+--------+

Top non-repeatable levels by time:
     D:6: 1342 daAuts
  Lair:5: 1209 daAuts
  Lair:3: 1143 daAuts
     D:5: 1042 daAuts
     D:3: 1019 daAuts
     D:1: 938 daAuts
     D:9: 918 daAuts
  Lair:2: 917 daAuts
  Lair:1: 875 daAuts
    D:12: 822 daAuts
     D:2: 812 daAuts
    D:10: 782 daAuts
    D:11: 775 daAuts
     D:8: 752 daAuts
    D:13: 730 daAuts
